 Dungeon Crawl Stone Soup version 0.21.1-1-g345015f (webtiles) character file.

209 zishaf the Magician (level 5, 0/37 HPs)
             Began as a Gnoll Wizard on May 16, 2018.
             Slain by an ice beast (6 damage)
             ... on level 6 of the Dungeon.
             The game lasted 00:10:34 (4379 turns).

zishaf the Magician (Gnoll Wizard)                  Turns: 4379, Time: 00:10:35

Health: 0/37       AC:  6    Str:  9    XL:     5   Next: 87%
Magic:  0/14       EV: 14    Int: 21    God:
Gold:   163        SH:  0    Dex: 14    Spells: 10/18 levels left

rFire    . . .     SeeInvis .   j - +0 dagger
rCold    + . .     Gourm    .   (no shield)
rNeg     . . .     Faith    .   r - +3 leather armour {rC+}
rPois    .         Spirit   .   b - +0 hat
rElec    .         Reflect  .   (no cloak)
rCorr    .         Harm     .   (no gloves)
MR       .....                  (no boots)
Stlth    ++........             (no amulet)
HPRegen  0.12/turn              (no ring)
MPRegen  0.14/turn              (no ring)

@: very slightly contaminated
A: distributed training, fangs 1, strong nose
a: no special abilities


You were on level 6 of the Dungeon.
You were near starving.

You visited 1 branch of the dungeon, and saw 5 of its levels.

You collected 163 gold pieces.

Inventory:

Hand Weapons
 h - a +0 fustibalus
 j - a +0 dagger (weapon)
Armour
 a - a +0 robe
 b - a +0 hat (worn)
 r - a +3 leather armour of cold resistance (worn)
 v - a +0 shield
Jewellery
 m - a cursed amulet of faith {unknown}
 o - a cursed amulet of rage {unknown}
Scrolls
 e - 8 scrolls of identify {unknown}
 i - 3 scrolls of teleportation {unknown}
 l - a scroll of enchant armour {unknown}
 n - a scroll of enchant weapon {unknown}
 p - 2 scrolls of immolation {unknown}
 s - 2 scrolls of remove curse {unknown}
 t - 3 scrolls of magic mapping {unknown}
 u - a scroll of amnesia {unknown}
Potions
 f - 2 potions of heal wounds {unknown}
 g - a potion of curing {unknown}
 k - a potion of invisibility {unknown}
 q - 2 potions of mutation {unknown}
 w - a potion of brilliance {unknown}
Books
 c - a book of Minor Magic

   Spells                             Type                      Level
   a - Magic Dart                     Conjuration                  1
   b - Blink                          Translocation                2
   c - Call Imp                       Summoning                    2
   d - Slow                           Hexes                        2
   e - Conjure Flame                  Conjuration/Fire             3
   f - Mephitic Cloud                 Conjuration/Poison/Air       3
Comestibles
 d - 6 rations


   Skills:
 + Level 1.6 Fighting
 + Level 1.6 Short Blades
 + Level 1.6 Long Blades
 + Level 1.6 Axes
 + Level 1.6 Maces & Flails
 + Level 1.6 Polearms
 + Level 1.6 Staves
 + Level 1.6 Slings
 + Level 1.6 Bows
 + Level 1.6 Crossbows
 + Level 1.6 Throwing
 + Level 1.6 Armour
 + Level 4.8 Dodging
 + Level 4.4 Stealth
 + Level 1.6 Shields
 + Level 1.6 Unarmed Combat
 + Level 7.3 Spellcasting
 + Level 2.4 Conjurations
 + Level 1.3 Hexes
 + Level 1.3 Charms
 + Level 2.4 Summonings
 + Level 1.3 Necromancy
 + Level 2.4 Translocations
 + Level 1.3 Transmutations
 + Level 1.3 Fire Magic
 + Level 1.3 Ice Magic
 + Level 1.3 Air Magic
 + Level 1.3 Earth Magic
 + Level 1.3 Poison Magic
 + Level 1.8 Invocations
 + Level 1.6 Evocations


You had 10 spell levels left.
You knew the following spells:

 Your Spells              Type           Power        Failure   Level  Hunger
a - Magic Dart            Conj           ###.         4%          1    None
b - Call Imp              Summ           ###.....     6%          2    None
c - Blink                 Tloc           N/A          6%          2    None
d - Mephitic Cloud        Conj/Pois/Air  ##......     17%         3    None


Dungeon Overview and Level Annotations

Branches:
Dungeon (4/15)
 Temple: D:4-7

Altars:
Makhleb
Xom
Zin


Innate Abilities, Weirdness & Mutations

Your experience applies equally to all skills.
You have very sharp teeth.
Your uncanny sense of smell can sniff out nearby items.


Message History

The ice beast is lightly wounded.
The ice beast misses you.
Casting: Magic Dart
Confirm with . or Enter, or press ? or * to list all spells.
Aiming: Magic Dart
Press: ? - help, Shift-Dir - straight line, f/p - ice beast
Aim: an ice beast (lightly wounded)
The magic dart hits the ice beast.
The ice beast is lightly wounded.
The ice beast barely misses you.
Your crimson imp blinks!
You hit the ice beast.
The ice beast is moderately wounded.
The ice beast misses you.
You barely miss the ice beast.
The ice beast is moderately wounded.
The ice beast hits you.
* * * LOW HITPOINT WARNING * * *
The ice beast freezes you. You resist.
You die...

#### ###..#
##....## ###
#......## #@##
#.......# ##Y##
#......## ##.##
#......#
#..#####....##
##...####...#
##..##.....####
##..#######....#
##..## ######
##..##


You could see an ice beast.

Vanquished Creatures
  The ghost of cheese the Poker, a weakling DgGl (D:3)
  An iguana (D:3)
  4 adders
  A shadow imp (D:2)
  3 oozes
  An adder skeleton (D:6)
  A worm (D:3)
  2 dart slugs
  An orc (D:3)
  4 giant cockroaches
  15 goblins
  8 hobgoblins
  9 kobolds
  2 quokkas (D:3)
  A ball python (D:2)
  5 bats
  8 frilled lizards
  11 rats
78 creatures vanquished.

Notes
Turn   | Place    | Note
-------+----------+-------------------------------------------
     0 | D:1      | zishaf the Gnoll Wizard began the quest for the Orb.
     0 | D:1      | Reached XP level 1. HP: 13/13 MP: 8/8
   200 | D:1      | Reached XP level 2. HP: 19/19 MP: 8/10
   726 | D:1      | Learned a level 2 spell: Call Imp
   729 | D:1      | Learned a level 2 spell: Blink
  1058 | D:1      | Reached XP level 3. HP: 25/25 MP: 7/11
  1359 | D:2      | Noticed a scorpion
  1518 | D:2      | Learned a level 3 spell: Mephitic Cloud
  1590 | D:2      | Reached skill level 1 in Invocations
  1678 | D:2      | Reached skill level 1 in Fighting
  1678 | D:2      | Reached skill level 1 in Short Blades
  1678 | D:2      | Reached skill level 1 in Long Blades
  1678 | D:2      | Reached skill level 1 in Axes
  1678 | D:2      | Reached skill level 1 in Maces & Flails
  1678 | D:2      | Reached skill level 1 in Polearms
  1678 | D:2      | Reached skill level 1 in Staves
  1678 | D:2      | Reached skill level 1 in Slings
  1678 | D:2      | Reached skill level 1 in Bows
  1678 | D:2      | Reached skill level 1 in Crossbows
  1678 | D:2      | Reached skill level 1 in Throwing
  1678 | D:2      | Reached skill level 1 in Armour
  1678 | D:2      | Reached skill level 1 in Shields
  1678 | D:2      | Reached skill level 1 in Unarmed Combat
  1678 | D:2      | Reached skill level 1 in Evocations
  1693 | D:2      | Reached XP level 4. HP: 32/32 MP: 5/13
  2075 | D:2      | Found a burning altar of Makhleb.
  2080 | D:2      | Found a glowing silver altar of Zin.
  2080 | D:2      | Noticed an angel
  2081 | D:2      | Noticed a blizzard demon
  2358 | D:3      | Noticed cheese's ghost (weakling DgGl)
  2646 | D:3      | Reached skill level 1 in Hexes
  2646 | D:3      | Reached skill level 1 in Charms
  2646 | D:3      | Reached skill level 1 in Necromancy
  2646 | D:3      | Reached skill level 1 in Transmutations
  2646 | D:3      | Reached skill level 1 in Fire Magic
  2646 | D:3      | Reached skill level 1 in Ice Magic
  2646 | D:3      | Reached skill level 1 in Air Magic
  2646 | D:3      | Reached skill level 1 in Earth Magic
  2646 | D:3      | Reached skill level 1 in Poison Magic
  2944 | D:3      | Killed cheese's ghost
  2944 | D:3      | Reached XP level 5. HP: 30/37 MP: 2/14
  3761 | D:4      | Found a shimmering altar of Xom.
  3761 | D:4      | Found a shimmering altar of Xom.
  3761 | D:4      | Found a shimmering altar of Xom.
  4287 | D:4      | Found a shimmering altar of Xom.
  4296 | D:4      | Found a shimmering altar of Xom.
  4298 | D:4      | Found a shimmering altar of Xom.
  4298 | D:4      | Found a shimmering altar of Xom.
  4311 | D:4      | You fall through a shaft for 2 floors!
  4311 | D:6      | Noticed an ice beast
  4379 | D:6      | Slain by an ice beast

Skill      XL: |  1  2  3  4 |
---------------+-------------+-----
Conjurations   | 2 |  2.4
Summonings     | 2 |  2.4
Translocations | 2 |  2.4
Invocations    | 1 |  1.8
Fighting       | 1 |  1.6
Short Blades   | 1 |  1.6
Long Blades    | 1 |  1.6
Axes           | 1 |  1.6
Maces & Flails | 1 |  1.6
Polearms       | 1 |  1.6
Staves         | 1 |  1.6
Slings         | 1 |  1.6
Bows           | 1 |  1.6
Crossbows      | 1 |  1.6
Throwing       | 1 |  1.6
Armour         | 1 |  1.6
Shields        | 1 |  1.6
Unarmed Combat | 1 |  1.6
Evocations     | 1 |  1.6
Hexes          | 1 |  1.3
Charms         | 1 |  1.3
Necromancy     | 1 |  1.3
Transmutations | 1 |  1.3
Fire Magic     | 1 |  1.3
Ice Magic      | 1 |  1.3
Air Magic      | 1 |  1.3
Earth Magic    | 1 |  1.3
Poison Magic   | 1 |  1.3
Dodging        | |  4.8
Stealth        | |  4.4
Spellcasting   | |  7.3

Action                   |  1- 3 |  4- 6 || total
-------------------------+-------+-------++-------
Melee: Dagger            |    13 |     2 ||    15
       Bite              |     1 |       ||     1
 Cast: Magic Dart        |    61 |   156 ||   217
       Call Imp          |     2 |     1 ||     3
       Mephitic Cloud    |       |     2 ||     2
       Blink             |       |     1 ||     1
 Stab: Sleeping          |     2 |       ||     2
  Eat: Chunk             |     2 |     3 ||     5
       Ration            |       |     1 ||     1
Armor: Robe              |     1 |       ||     1
       Leather armour    |     4 |    15 ||    19
Dodge: Dodged            |    12 |    34 ||    46
